 Dungeon Crawl Stone Soup version 0.24-a0-201-gf205589 (console) character file.

Game seed: 12824542226891370853

37 bli the Slasher (level 3, -7/29 HPs)
             Began as a Formicid Abyssal Knight on Mar 22, 2019.
             Was a Follower of Lugonu.
             Mangled by a worm (10 damage)
             ... on level 2 of the Dungeon on Mar 23, 2019.
             The game lasted 00:06:05 (1477 turns).

bli the Slasher (Formicid Abyssal Knight)           Turns: 1477, Time: 00:06:05

Health: -7/29      AC:  4    Str: 16    XL:     3   Next: 62%
Magic:  4/4        EV: 11    Int: 11    God:    Lugonu [*.....]
Gold:   36         SH:  0    Dex: 11    Spells: 2/2 levels left

rFire    . . .     SeeInvis +   a - +1 falchion
rCold    . . .     Gourm    .   (no shield)
rNeg     . . .     Faith    .   b - +0 leather armour
rPois    .         Spirit   .   (helmet unavailable)
rElec    .         Reflect  .   (no cloak)
rCorr    .         Harm     .   j - +0 pair of gloves
MR       .....                  (no boots)
Stlth    +.........             (no amulet)
HPRegen  0.09/turn              (no ring)
MPRegen  0.09/turn              (no ring)

@: no status effects
A: permanent stasis, dig shafts and tunnels, four strong arms, antennae 3
a: Dig, Shaft Self, Depart the Abyss, Renounce Religion


You were on level 2 of the Dungeon.
You worshipped Lugonu.
Lugonu was aware of your devotion.
You were not hungry.

You visited 1 branch of the dungeon, and saw 2 of its levels.
You visited the Abyss 1 time.

You collected 36 gold pieces.

Inventory:

Hand Weapons
 a - a +1 falchion (weapon)
 r - a +0 dagger
Missiles
 e - 18 stones (quivered)
 g - 26 sling bullets
 n - 19 poisoned needles
Armour
 b - a +0 leather armour (worn)
 j - a +0 pair of gloves (worn)
Scrolls
 d - a scroll of remove curse {unknown}
 h - a scroll of enchant armour {unknown}
 i - a scroll of fear {unknown}
 k - a scroll of teleportation {unknown}
 m - a scroll of identify {unknown}
 o - 2 scrolls of immolation {unknown}
Potions
 l - a potion of lignification {unknown}
 p - a potion of haste {unknown}
 q - a potion of might {unknown}
Comestibles
 c - 2 rations
 f - 2 chunks of flesh


   Skills:
 - Level 3.2 Fighting
 + Level 3.3 Long Blades
 - Level 2.1 Armour
 * Level 1.5 Dodging
 - Level 2.1 Invocations


You had 2 spell levels left.
You didn't know any spells.
Your spell library was empty.

Dungeon Overview and Level Annotations

Branches:
Dungeon (2/15)

Altars:


Innate Abilities, Weirdness & Mutations

You cannot be hasted, slowed, berserked, paralysed or teleported.
You can dig through walls and to a lower floor.
Your four strong arms can wield two-handed weapons with a shield.
You have a pair of large antennae on your head. (SInv)


Message History

The worm completely misses you.
You riposte.
You completely miss the worm.
The worm is moderately wounded.
You hit the worm but do no damage.
The worm is moderately wounded.
You hit the worm but do no damage.
The worm is moderately wounded.
The worm bites you.
You hit the worm.
The worm is severely wounded.
The worm barely misses you.
You barely miss the worm.
The worm is heavily wounded.
The worm bites you!
* * * LOW HITPOINT WARNING * * *
You barely miss the worm.
The worm is heavily wounded.
You hit the worm.
The worm is almost dead.
The worm bites you!
You die...

#......# ####.#.#
##.#... #..# #.###.#
#.## .#...# #.# #.#.#
#.# .... ###.# #..###
..###...### #....
#........# #..###....P
#........####@.##..P..
##.......'...w###.P.P
#.......###.)..#P..♣
+.......# #....#..≈♣
#.[.....# #.÷..#..♣
♣≈P .........#
#....#P≈♣≈≈≈♣.
..####+###
#......≈≈≈≈...
#.......≈≈...♣
+....+P..P.P..
#....##....P## #....#
..PP##


You could see a worm.

Vanquished Creatures
  A dart slug (D:2)
  2 leopard geckos (D:1)
  2 giant cockroaches (D:1)
  3 goblins
  3 hobgoblins (D:1)
  5 jackals (D:1)
  7 kobolds
  A bat (D:1)
  6 rats
30 creatures vanquished.

Notes
Turn   | Place    | Note
-------+----------+-------------------------------------------
     0 | Abyss:1  | bli the Formicid Abyssal Knight began the quest for the
                  | Orb.
     0 | Abyss:1  | Reached XP level 1. HP: 18/18 MP: 2/2
    18 | Abyss:1  | Found a corrupted altar of Lugonu.
    96 | Abyss:1  | Found a corrupted altar of Lugonu.
   159 | Abyss:1  | Noticed an iron imp
   159 | Abyss:1  | Noticed an apocalypse crab
   161 | D:1      | Escaped the Abyss
   351 | D:1      | Reached skill level 1 in Dodging
   526 | D:1      | Reached XP level 2. HP: 24/24 MP: 3/3
   529 | D:1      | Reached * piety under Lugonu
   810 | D:1      | Reached XP level 3. HP: 26/29 MP: 4/4
  1477 | D:2      | Mangled by a worm

Levels and vault maps discovered:
D:1:      shiori_arrival_oz, layout_basic
D:2:      layout_basic, overflow_temple_1_default, serial_bayou,
          serial_bayou_lake_a, serial_bayou_pond_a, serial_bayou_shore_b,
          serial_bayou_pond_a, minmay_stone_trees_large, uniq_crazy_yiuf_cottage
Abyss:1

Skill      XL: |  1  2 |
---------------+-------+-----
Dodging        | 1 |  1.5
Long Blades    | 3 |  3.3
Fighting       | |  3.2
Armour         | |  2.1
Invocations    | |  2.1

Action                   || total
-------------------------++-------
Melee: Falchion          ||    92
Invok: Depart the Abyss  ||     1
 Abil: Dig               ||     1
  Eat: Chunk             ||     2
Armor: Leather armour    ||    18
Dodge: Dodged            ||    48
       Rpst.: Falchion   ||    16

Table legend:
 A = Non-vault XP
 B = Vault XP
 C = Vault XP percentage of total XP
 D = Non-vault monster count
 E = Vault monster count
 F = Vault count percentage of total count
                 A         B        C        D         E       F
            +---------+---------+-------+---------+---------+-------
      Total |      50 |       4 |   7.4 |      28 |       2 |   6.7
            +---------+---------+-------+---------+---------+-------
        D:1 |      42 |       4 |   8.7 |      24 |       2 |   7.7
        D:2 |       8 |       0 |   0.0 |       4 |       0 |   0.0
            +---------+---------+-------+---------+---------+-------
